 Dungeon Crawl Stone Soup version 0.24-a0-140-gcaa6c10 (webtiles) character file.

Game seed: 7798337818635191334

273 Lanoc the Poker (level 6, -13/48 HPs)
             Began as a Merfolk Abyssal Knight on Mar 4, 2019.
             Was a Priest of Lugonu.
             Mangled by Menkaure (20 damage)
             ... in an ossuary.
             The game lasted 00:06:46 (3562 turns).

Lanoc the Poker (Merfolk Abyssal Knight)            Turns: 3562, Time: 00:06:47

Health: -13/48     AC:  3    Str: 17    XL:     6   Next: 24%
Magic:  8/8        EV: 11    Int: 11    God:    Lugonu [***...]
Gold:   148        SH: 10    Dex: 16    Spells: 5/5 levels left

rFire    . . .     SeeInvis .   a - +1 spear
rCold    . . .     Gourm    .   e - +2 shield
rNeg     . . .     Faith    .   b - +0 leather armour
rPois    .         Spirit   .   (no helmet)
rElec    .         Reflect  .   (no cloak)
rCorr    .         Harm     .   (no gloves)
MR       .....                  (no boots)
Stlth    +.........             (no amulet)
HPRegen  0.16/turn              (no ring)
MPRegen  0.11/turn              (no ring)

@: mighty
A: change form in water, swift swim, stealthy swim
a: Depart the Abyss, Bend Space, Banish, Renounce Religion


You were in an ossuary.
You worshipped Lugonu.
Lugonu was most pleased with you.
You were not hungry.

You visited 1 branch of the dungeon, and saw 4 of its levels.
You visited the Abyss 1 time.
You also visited: Ossuary.

You collected 148 gold pieces.

Inventory:

Hand Weapons
 a - a +1 spear (weapon)
 t - a +0 blowgun
Missiles
 s - 2 curare-tipped needles
Armour
 b - a +0 leather armour (worn)
 e - a +2 shield (worn)
Jewellery
 l - a +2 ring of strength
Wands
 p - a wand of random effects (22)
 r - a wand of iceblast (10)
Scrolls
 d - 5 scrolls of identify
 f - a scroll of teleportation
 g - 2 scrolls of remove curse
 n - 2 scrolls of immolation {unknown}
 o - a scroll of fear {unknown}
 q - a scroll of enchant weapon {unknown}
Potions
 h - a potion of flight {unknown}
 i - a potion of heal wounds
 j - a potion of ambrosia {unknown}
Comestibles
 c - 6 rations


   Skills:
 + Level 4.2 Fighting
 * Level 5.4 Polearms
 + Level 1.7 Armour
 + Level 3.9 Dodging
 + Level 1.9 Shields
 + Level 3.1 Invocations


You had 5 spell levels left.
You didn't know any spells.
Your spell library contained the following spells:

 Spells                   Type           Power        Failure   Level  Hunger
 Magic Dart               Conj           #...         93%         1    ##.....
 Blink                    Tloc           N/A          98%         2    ###....
 Call Imp                 Summ           #.......     98%         2    ###....
 Slow                     Hex            #.......     98%         2    ###....
 Conjure Flame            Conj/Fire      #.......     100%        3    ####...
 Mephitic Cloud           Conj/Pois/Air  #.......     100%        3    ####...


Dungeon Overview and Level Annotations

Branches:
Dungeon (4/15)
 Temple: D:4-7

Altars:

Annotations:
D:4 1 runed translucent door, kal9871's ghost, amateur HOAK Ossuary Menkaure


Message History

You hit Menkaure but do no damage.
Menkaure is moderately damaged.
Menkaure hits you!!
* * * LOW HITPOINT WARNING * * *
A mummy comes into view.
You are too injured to fight recklessly!
You feel very mighty all of a sudden. You block Menkaure's attack.
Your shield and leather armour prevent you from hitting Menkaure.
Menkaure is moderately damaged.
You block Menkaure's attack. Menkaure hits you but does no damage.
You hit Menkaure.
Menkaure is heavily damaged.
Menkaure calls on the powers of darkness!
Your body is wracked with pain!
* * * LOW HITPOINT WARNING * * *
You hit Menkaure.
Menkaure is severely damaged.
Menkaure hits you!!
You die...

##..##..##.^####..##..##
##^.##..##..## ##..##..#
##..##..##..## ##^.##..
##..##^.##..## ##..##.
##..##..##..## ##..##
##..##^.##..## ##..#
##..##..##..## ##..
##..##..##..########## ##.
##..##..##.....@M.^.M.. ##
##..##..#########################
#..##....................^.......
..###############################
.^....^........^.......^.........
#################################


You could see Menkaure and a mummy.

Vanquished Creatures
  Natasha (thrice) (D:3)
  2 worker ants
  A mummy (Ossuary)
  5 adders
  An adder skeleton (D:4)
  A worm (D:3)
  3 dart slugs
  A leopard gecko (D:3)
  2 orcs (D:3)
  A giant cockroach (D:3)
  A gnoll zombie (Ossuary)
  3 goblins
  11 hobgoblins
  5 jackals
  7 kobolds
  A quokka (D:4)
  3 ball pythons
  2 bats (D:2)
  4 frilled lizards
  7 gnoll skeletons (Ossuary)
  3 goblin skeletons (Ossuary)
  3 goblin zombies (Ossuary)
  A hobgoblin skeleton (Ossuary)
  6 hobgoblin zombies (Ossuary)
  4 kobold skeletons (Ossuary)
  8 kobold zombies (Ossuary)
  2 orc skeletons (Ossuary)
  3 orc zombies (Ossuary)
  3 rats
  A rat skeleton (Ossuary)
  3 rat zombies (Ossuary)
101 creatures vanquished.

Vanquished Creatures (others)
  A goblin skeleton (Ossuary)
  A kobold skeleton (Ossuary)
  A rat skeleton (Ossuary)
  A rat zombie (Ossuary)
4 creatures vanquished.

Grand Total: 105 creatures vanquished

Notes
Turn   | Place    | Note
-------+----------+-------------------------------------------
     0 | Abyss:1  | Lanoc the Merfolk Abyssal Knight began the quest for the
                  | Orb.
     0 | Abyss:1  | Reached XP level 1. HP: 18/18 MP: 2/2
     5 | Abyss:1  | Noticed a tentacled starspawn
    10 | Abyss:1  | Noticed a lich
    10 | Abyss:1  | Noticed a wretched star
    11 | Abyss:1  | Noticed a tentacled starspawn
    12 | Abyss:1  | Found a corrupted altar of Lugonu.
    12 | Abyss:1  | Noticed a tentacled starspawn
    12 | Abyss:1  | Noticed a wretched star
    12 | Abyss:1  | Noticed a ynoxinul
    12 | Abyss:1  | Noticed a wretched star
    12 | Abyss:1  | Noticed an iron imp
    13 | D:1      | Escaped the Abyss
   157 | D:1      | Reached * piety under Lugonu
   208 | D:1      | Reached XP level 2. HP: 24/24 MP: 3/3
   342 | D:2      | Reached skill level 1 in Armour
   342 | D:2      | Reached XP level 3. HP: 20/29 MP: 4/4
   660 | D:2      | Reached skill level 4 in Polearms
  1043 | D:3      | Reached skill level 1 in Shields
  1043 | D:3      | Reached XP level 4. HP: 20/37 MP: 5/5
  1340 | D:3      | Noticed Natasha
  1351 | D:3      | Killed Natasha
  1730 | D:3      | Reached XP level 5. HP: 30/42 MP: 6/6
  1739 | D:3      | Reached ** piety under Lugonu
  2211 | D:3      | Noticed Natasha
  2222 | D:3      | Killed Natasha
  2222 | D:3      | Reached skill level 5 in Polearms
  2328 | D:3      | Noticed Natasha
  2343 | D:3      | HP: 1/42 [Natasha (3)]
  2345 | D:3      | Killed Natasha
  2699 | D:4      | Found a runed translucent door.
  2703 | D:4      | Noticed kal9871's ghost (amateur HOAK)
  2775 | D:4      | Reached XP level 6. HP: 4/48 MP: 8/8
  2788 | D:4      | Found a sand-covered staircase.
  3045 | Ossuary  | Entered an ossuary
  3284 | Ossuary  | Reached *** piety under Lugonu
  3549 | Ossuary  | Noticed Menkaure
  3562 | Ossuary  | Mangled by Menkaure

Levels and vault maps discovered:
D:1:      elethiomel_arrival_infinity_welcomes_careful_drivers, layout_basic
D:2:      layout_rooms
D:3:      minmay_chambers_of_twos, layout_rooms, eino_curves_03, uniq_natasha
D:4:      layout_rooms, ebering_ghost_reflecting_pool,
          nicolae_ossuary_entry_false_entrances, first_ration
Abyss:1
Ossuary:  ossuary_due_pyramid

Skill      XL: |  1  2  3  4  5 |
---------------+----------------+-----
Dodging        | 3 |  3.9
Armour         | 1 |  1.7
Polearms       | 4 5 |  5.4
Shields        | 1 |  1.9
Fighting       | 4 |  4.2
Invocations    | 3 |  3.1

Action                   |  1- 3 |  4- 6 || total
-------------------------+-------+-------++-------
Melee: Spear             |   101 |   346 ||   447
Invok: Depart the Abyss  |     1 |       ||     1
  Use: Scroll            |       |     6 ||     6
       Potion            |       |     3 ||     3
 Stab: Sleeping          |     1 |     1 ||     2
  Eat: Chunk             |       |     7 ||     7
       Ration            |       |     1 ||     1
Armor: Leather armour    |    12 |    27 ||    39
Dodge: Dodged            |    27 |    84 ||   111
Block: Shield            |    24 |   108 ||   132

Table legend:
 A = Non-vault XP
 B = Vault XP
 C = Vault XP percentage of total XP
 D = Non-vault monster count
 E = Vault monster count
 F = Vault count percentage of total count
                 A         B        C        D         E       F
            +---------+---------+-------+---------+---------+-------
      Total |     259 |     132 |  33.8 |      49 |      49 |  50.0
            +---------+---------+-------+---------+---------+-------
        D:1 |      18 |       0 |   0.0 |       9 |       0 |   0.0
        D:2 |      50 |       0 |   0.0 |      16 |       0 |   0.0
        D:3 |     137 |      74 |  35.1 |      19 |       9 |  32.1
        D:4 |      54 |       0 |   0.0 |       5 |       0 |   0.0
    Ossuary |       0 |      58 | 100.0 |       0 |      40 | 100.0
            +---------+---------+-------+---------+---------+-------
